 Dungeon Crawl Stone Soup version 0.31.0-11-ge490571c62 (webtiles) character file.

Game seed: 6440243908145416427

107 qw the Skirmisher (level 4, 0/25 HPs)
             Began as a Deep Elf Hunter on Feb 4, 2024.
             Succumbed to an adder's poison
             ... on level 2 of the Dungeon.
             The game lasted 00:00:05 (935 turns).

qw the Skirmisher (Deep Elf Hunter)                  Turns: 935, Time: 00:00:06

Health: 0/25       AC:  5    Str: 10    XL:     4   Next: 56%
Magic:  4/6        EV: 11    Int: 14    God:
Gold:   112        SH:  0    Dex: 18    Spells: 3/3 levels left

rFire   . . .        a - +0 shortbow
rCold   . . .        (shield currently unavailable)
rNeg    . . .        i - +0 ring mail
rPois   .            (no helmet)
rElec   .            (no cloak)
rCorr   .            (no gloves)
SInv    .            (no boots)
Will    .....        h - amulet of guardian spirit
Stlth   +            (no ring)
HPRegen 0.24/turn    (no ring)
MPRegen 0.10/turn

%: guardian spirit
@: lethally poisoned (0 -> -1)
A: no striking features
a: no special abilities


You were on level 2 of the Dungeon.
You visited 1 branch of the dungeon, and saw 2 of its levels.

You collected 112 gold pieces.


   Skills:
 - Level 1.5 Fighting
 + Level 8.0 Ranged Weapons
 - Level 2.4 Dodging
 - Level 1.2 Stealth


You had 3 spell levels left.
You didn't know any spells.
Your spell library was empty.

Inventory:

Hand Weapons
 a - a +0 shortbow (weapon)
Armour
 i - a +0 ring mail (worn)
Jewellery
 e - a ring of willpower
 h - an amulet of guardian spirit (around neck)
 n - an amulet of the acrobat
Wands
 l - a wand of iceblast (3)
Scrolls
 c - a scroll of identify {unknown}
 j - a scroll of teleportation {unknown}
 k - a scroll of poison {unknown}
 o - a scroll of torment {unknown}
Potions
 b - a potion of invisibility {unknown}
 d - a potion of lignification {unknown}
 f - a potion of mutation {unknown}
 g - a potion of resistance {unknown}
 m - a potion of magic {unknown}

Dungeon Overview and Level Annotations

Branches:
Dungeon (2/15)

Altars:


Message History

You shoot an arrow. The arrow barely misses the adder.
You feel sick. The bat hits you but does no damage. The bat hits you.
The hobgoblin hits you but does no damage.
The adder bites you but does no damage.
You shoot an arrow. The arrow closely misses the adder.
You feel sick. The adder bites you.
You are lethally poisoned!
The adder poisons you!
The hobgoblin hits you but does no damage.
The bat hits you but does no damage. The adder misses you.
You shoot an arrow. The arrow hits the adder.
The adder is severely wounded.
You feel sick. The bat barely misses you.
The hobgoblin hits you but does no damage.
The adder bites you but does no damage.
The frilled lizard completely misses you.
The hobgoblin closely misses you.
You shoot an arrow. The arrow hits the adder.
The adder is severely wounded.
You feel sick. The bat hits you but does no damage. The bat barely misses you.
The adder bites you but does no damage.
The frilled lizard hisses.
The frilled lizard barely misses you. The hobgoblin closely misses you.
You shoot an arrow. The arrow hits the adder.
You kill the adder!
You feel sick. The bat hits you but does no damage. The bat closely misses you.
The hobgoblin barely misses you.
The frilled lizard bites you but does no damage.
Your Ranged Weapons skill increases to level 8!
You shoot an arrow.
The arrow hits the hobgoblin but does no damage.
You feel sick. The bat barely misses you. x2
The hobgoblin hits you but does no damage.
The frilled lizard misses you.
You shoot an arrow. The arrow hits the hobgoblin!
You kill the hobgoblin!
You feel sick. The bat barely misses you. The bat hits you but does no damage.
The frilled lizard bites you but does no damage.
You shoot an arrow. The arrow closely misses the bat.
You die...

##......##........#.........
##.###%....##....#......... .
#.##%%.#<.#..............# #.
#.##.#.#.##.#...........## #.#
#....#.............#.#.###
#..###..####...................
#..##.................~~~.P.~P
#..........l.......%..~~7P~PP
#...........@b.......P.~~~77~
####.....####.%#.....>...~PP~P~7
........## ##.##.............PP
.####.##.# #..#.............~P
.#%......# .. #.....#.......PP
.........## ##..##............##P
........[.#..####......#......P~P
.....................###...~~PP~~
......................####~.P~~~7


You could see a bat and a frilled lizard.

Vanquished Creatures
  3 gnolls (D:2)
  5 adders (D:2)
  A ball python (D:2)
  2 bats
  An endoplasm (D:1)
  4 goblins (D:1)
  5 hobgoblins
  4 jackals (D:1)
  2 kobolds (D:1)
  A quokka (D:1)
  A frilled lizard (D:2)
  3 rats (D:1)
32 creatures vanquished.

Notes
Turn   | Place    | Note
-------+----------+-------------------------------------------
     0 | D:1      | qw the Deep Elf Hunter began the quest for the Orb.
     0 | D:1      | Reached XP level 1. HP: 12/12 MP: 3/3
     0 | D:1      | 0 ||| qw: Version: 0.3-a-160-g5e54788
     0 | D:1      | 0 ||| qw: Game counter: 4309
     0 | D:1      | 0 ||| qw: Melee chars always use a shield: true
     0 | D:1      | 0 ||| qw: God list: Okawaru
     0 | D:1      | 0 ||| qw: Allow faded altars: false
     0 | D:1      | 0 ||| qw: Do Orc after clearing Dungeon:15 true
     0 | D:1      | 0 ||| qw: Do second Lair branch before Depths: true
     0 | D:1      | 0 ||| qw: Lair rune preference: random
     0 | D:1      | 0 ||| qw: Goals: Normal
     0 | D:1      | 0 ||| PLANNING D:1-11
    75 | D:1      | 75 ||| RETREEEEATING.
    77 | D:1      | 77 ||| RETREEEEATING.
   218 | D:1      | Reached XP level 2. HP: 16/16 MP: 4/4
   219 | D:1      | Reached skill level 6 in Ranged Weapons
   587 | D:1      | 587 ||| UPGRADING to +0 ring mail.
   597 | D:1      | 597 ||| DROPPING +0 leather armour.
   598 | D:1      | 598 ||| UPGRADING to amulet of guardian spirit.
   603 | D:1      | 603 ||| READING scroll labelled ILAPHU TOIB.
   604 | D:1      | 604 ||| DRINKING 2 smoky sapphire potions.
   605 | D:1      | 605 ||| DROPPING scroll of butterflies.
   606 | D:1      | 606 ||| DROPPING potion of attraction.
   662 | D:2      | Reached XP level 3. HP: 19/20 MP: 5/5
   667 | D:2      | Reached skill level 7 in Ranged Weapons
   755 | D:2      | 755 ||| RETREEEEATING.
   757 | D:2      | 757 ||| RETREEEEATING.
   761 | D:2      | 761 ||| RETREEEEATING.
   763 | D:2      | Reached XP level 4. HP: 23/25 MP: 4/6
   861 | D:2      | Identified the +0 short sword of Kindness {speed, rElec
                  | Int+3}
   930 | D:2      | HP: 5/25 [poisoned by an adder]
   932 | D:2      | HP: 2/25 [poisoned by an adder]
   933 | D:2      | Reached skill level 8 in Ranged Weapons
   935 | D:2      | Succumbed to an adder's poison

Levels and vault maps discovered:
D:1:      minmay_arrival_jagged, layout_basic, chequers_serial_rivers_large_b
D:2:      layout_rooms, serial_bayou_lagoon_a, kennysheep_minor_cross,
          minmay_close_crescents

Skill      XL: |  1  2  3  4 |
---------------+-------------+-----
Ranged Weapons | 6 7 8 |  8.0
Fighting       | |  1.5
Dodging        | |  2.4
Stealth        | |  1.2

Action                     |  1- 3 |  4- 6 || total
---------------------------+-------+-------++-------
   Fire: Shortbow          |    72 |    23 ||    95
    Use: Scroll            |     1 |       ||     1
         Potion            |     1 |       ||     1
 Armour: Leather armour    |     3 |       ||     3
         Ring mail         |    13 |    30 ||    43
  Dodge: Dodged            |    21 |    22 ||    43

Table legend:
 A = Non-vault XP
 B = Vault XP
 C = Vault XP percentage of total XP
 D = Non-vault monster count
 E = Vault monster count
 F = Vault count percentage of total count
                 A         B        C        D         E       F
            +---------+---------+-------+---------+---------+-------
      Total |     136 |      17 |  11.1 |      29 |       3 |   9.4
            +---------+---------+-------+---------+---------+-------
        D:1 |      33 |       0 |   0.0 |      18 |       0 |   0.0
        D:2 |     103 |      17 |  14.2 |      11 |       3 |  21.4
            +---------+---------+-------+---------+---------+-------
